 Dungeon Crawl Stone Soup version 0.26-a0-1053-gaff5f71418 (webtiles) character file.

Game seed: 2467417438095841482

6 PaperRat the Skirmisher (level 1, -1/14 HPs)
             Began as a Tengu Abyssal Knight on Dec 12, 2020.
             Was an Initiate of Lugonu.
             Slain by a gnoll
             ... wielding a +0 halberd
              (8 damage)
             ... on level 1 of the Dungeon.
             The game lasted 00:05:50 (543 turns).

PaperRat the Skirmisher (Tengu Abyssal Knight)       Turns: 543, Time: 00:05:51

Health: -1/14      AC:  3    Str: 12    XL:     1   Next: 90%
Magic:  3/3        EV: 11    Int: 12    God:    Lugonu [......]
Gold:   0          SH:  0    Dex: 13    Spells: 0/0 levels left

rFire    . . .     SeeInvis .   a - +1 spear
rCold    . . .     Faith    .   (no shield)
rNeg     . . .     Spirit   .   b - +0 leather armour
rPois    .         Reflect  .   (helmet restricted)
rElec    .         Harm     .   (no cloak)
rCorr    .         Rampage  .   (no gloves)
Will     .....                  (boots unavailable)
Stlth    +.........             (no amulet)
HPRegen  0.04/turn              (no ring)
MPRegen  0.08/turn              (no ring)

@: no status effects
A: beak, talons 3
a: Renounce Religion


You were on level 1 of the Dungeon.
You worshipped Lugonu.
Lugonu was noncommittal.
You visited 1 branch of the dungeon, and saw 1 of its levels.
You visited the Abyss 1 time.

Inventory:

Hand Weapons
 a - a +1 spear (weapon)
Missiles
 s - 22 stones (quivered)
Armour
 b - a +0 leather armour (worn)
 d - a +0 ring mail


   Skills:
 - Level 3.0 Fighting
 + Level 2.3 Polearms
 - Level 2.1 Armour
 + Level 1.3 Dodging
 * Level 1.0 Stealth
 - Level 1.5 Invocations


You couldn't memorise any spells.
You didn't know any spells.
Your spell library was empty.

Dungeon Overview and Level Annotations

Branches:
Dungeon (1/15)

Altars:


Innate Abilities, Weirdness & Mutations

You have a beak for a mouth.
You have claws for feet.


Message History

The giant cockroach bites you but does no damage.
Found a hunting sling.
The giant cockroach bites you. The giant cockroach barely misses you.
You see here a hunting sling.
The giant cockroach bites you. The giant cockroach barely misses you.
The giant cockroach barely misses you.
You are too injured to fight recklessly!
You are too injured to fight recklessly!
You are too injured to fight recklessly!
You barely miss the giant cockroach. You claw the giant cockroach.
The giant cockroach is severely wounded.
The giant cockroach barely misses you.
You hit the giant cockroach.
You kill the giant cockroach!
Lugonu accepts your kill.
The gnoll hits you from afar with a +0 halberd!
Ouch! That really hurt!
You die...

#...#....#######†
#......#.### #.
###..l.#...#####.
##..#.###.......
###.g.#.....######
#...#.###.#.#
#.g$#.....#.#
#†#.###..##.# ..
#@#......##.# ...#
#.###..#.##.##
....[##......#.....##
.g.l........(##.....##
.....##.###...........#
....)...###.###.....#.#
..b........†# ##...##.#
....#...#.).# ##.## #
... #...#.### #.#


You could see a gnoll, a goblin and a frilled lizard.

Vanquished Creatures
  2 bats (D:1)
  A giant cockroach (D:1)
  A hobgoblin (D:1)
  A frilled lizard (D:1)
  A kobold (D:1)
  2 rats (D:1)
8 creatures vanquished.

Notes
Turn   | Place    | Note
-------+----------+-------------------------------------------
     0 | Abyss:1  | PaperRat the Tengu Abyssal Knight began the quest for the
                  | Orb.
     0 | Abyss:1  | Reached XP level 1. HP: 14/14 MP: 3/3
     6 | D:1      | Escaped the Abyss
   504 | D:1      | Reached skill level 1 in Stealth
   543 | D:1      | Slain by a gnoll

Illustrated notes

Levels and vault maps discovered:
D:1:      dpeg_arrival_rhombi, layout_loops_ring,
          hangedman_abyss_or_decor_stabs, st_stairs_7, minmay_tripent

Skill      XL: |  1 |
---------------+----+-----
Stealth        | 1 |  1.0
Fighting       | |  3.0
Polearms       | |  2.3
Armour         | |  2.1
Dodging        | |  1.3
Invocations    | |  1.5

Action                   || total
-------------------------++-------
Melee: Spear             ||    25
       Kick              ||     4
Throw: Stone             ||     1
Invok: Depart the Abyss  ||     1
  Use: Scroll            ||     1
Armor: Leather armour    ||     9
Dodge: Dodged            ||    17

Table legend: (Time is in decaauts)
 A = Elapsed time spent in this place.
 B = Non-inter-level travel time spent in this place.
 C = Inter-level travel time spent in this place.
 D = Time resting spent in this place.
 E = Time spent auto-exploring this place.
 F = Levels seen in this place.
 G = Mean time per level.
                   A        B        C        D        E       F      G
               +--------+--------+--------+--------+--------+-----+--------+
         Total |    542 |    542 |      0 |      0 |      0 |   2 |  271.0 |
       Dungeon |    536 |    536 |      0 |      0 |      0 |   1 |  536.0 |
         Abyss |      6 |      6 |      0 |      0 |      0 |   1 |    6.0 |
               +--------+--------+--------+--------+--------+-----+--------+

Top non-repeatable levels by time:
     D:1: 536 daAuts
 Abyss:1: 6 daAuts
